AoeStats
← Drumstein

Nomad

507972602Analyzed
4v4 RM · 11d ago on Sep 20, 2026· 58m 57s· 8 players
Game mode
Random Map
Map size
231×231
Population
200
Speed
Normal
Resources
Standard
Victory
Conquest
Starting age
Dark Age
Ending age
Imperial Age
RankedLock teamsTeams togetherTeam positionsShared explorationLock speedFull tech treeHidden civsTurbo modeCheats
Victory
Defeat
🇨🇳 Khitans · China
1232
+8
🇨🇳 Inca · China
1225
+9
🇨🇳 Burgundians · China
1167
+11
1043
+15
🇨🇱 Persians · Chile
1074
-12
🇺🇸 Portuguese · United States
1064
-11
🇨🇳 Wu · China
1052
-11
🇩🇪 Aztecs · Germany
996
-9
shortsnorter
4:10 Loom
14:27 Feudal Age
20:58 Castle Age
20:42 Double-Bit Axe
21:34 Wheelbarrow
22:21 Medium Warships
27:22 Fletching
33:06 Imperial Age
35:18 Bodkin Arrow
36:01 Heavy Warships
37:24 Bracer
XITRO
4:43 Loom
14:26 Feudal Age
16:03 Horse Collar
19:05 Castle Age
18:44 Double-Bit Axe
21:02 Heavy Plow
21:19 Gold Mining
22:31 Wheelbarrow
23:28 Medium Warships
26:10 Stone Mining
28:10 Stone Shaft Mining
28:15 Fletching
30:07 Hand Cart
30:42 Bow Saw
32:07 Gold Shaft Mining
31:51 Kamandaran
32:45 Town Watch
33:36 Bodkin Arrow
34:34 Forging
37:01 Scale Mail Armor
43:04 Imperial Age
40:58 Gambesons
41:21 Scale Barding Armor
41:35 Husbandry
41:40 Fishing Lines
42:39 Bloodlines
42:56 Ballistics
43:22 Iron Casting
43:30 Murder Holes
43:46 Masonry
44:23 Conscription
44:39 Hoardings
Drumstein
6:09 Loom
11:38 Loom
14:14 Loom
17:25 Feudal Age
17:54 Double-Bit Axe
23:17 Castle Age
21:14 Man-at-Arms
22:42 Arson
24:09 Bow Saw
24:35 Squires
25:25 Forging
25:25 Town Watch
28:32 Wheelbarrow
28:40 Elite Skirmisher
410167949
8:01 Loom
15:36 Feudal Age
16:23 Double-Bit Axe
16:21 Fishing Lines
16:35 Town Watch
19:26 Man-at-Arms
26:07 Castle Age
24:54 Stone Mining
29:11 Squires
31:32 Wheelbarrow
31:39 Scale Barding Armor
31:45 Forging
33:06 Gillnets
36:55 Pikeman
阿酷丶
4:42 Loom
15:08 Feudal Age
17:06 Fishing Lines
20:19 Castle Age
19:13 Double-Bit Axe
20:04 Wheelbarrow
19:11 Domestication
22:00 Bow Saw
22:47 Pastoralism
22:57 Gold Mining
24:32 Scale Barding Armor
24:38 Forging
25:13 Gillnets
27:17 Chain Barding Armor
29:37 Husbandry
31:38 Hand Cart
32:25 Stone Mining
35:47 Imperial Age
34:33 Stone Shaft Mining
34:35 Iron Casting
36:39 Coinage
36:19 Elite Steppe Lancer
39:21 Conscription
39:57 Plate Barding Armor
42:30 Heavy Camel Rider
43:41 Scale Mail Armor
54:21 Medium Warships
54:37 Clinker Construction
54:37 Careening
55:30 Chemistry
54:51 Ballistics
54:12 Treadmill Crane
54:43 Masonry
54:25 Heated Shot
54:42 Siege Engineers
54:32 Murder Holes
54:47 Fortified Wall
54:28 Guard Tower
55:51 Heavy Warships
58:18 Spies/Treason
不知天上水
14:03 Feudal Age
19:40 Castle Age
17:36 Double-Bit Axe
17:40 Fishing Lines
18:58 Bow Saw
18:50 Horse Collar
22:46 Loom
23:29 Forging
24:42 Cavalier
25:29 Gold Mining
26:49 Scale Barding Armor
29:06 Gold Shaft Mining
31:04 Wheelbarrow
30:49 Husbandry
31:32 Chain Barding Armor
32:59 Iron Casting
36:25 Hand Cart
36:38 Heavy Plow
40:01 Crop Rotation
42:06 Imperial Age
39:22 Town Watch
39:23 Loom
41:26 Two-Man Saw
42:36 Paladin
45:03 Blast Furnace
45:25 Plate Barding Armor
50:34 Medium Warships
50:22 Fletching
52:58 Heavy Warships
53:11 Bodkin Arrow
54:23 Chemistry
53:44 Ballistics
55:43 Bracer
55:44 Padded Archer Armor
56:52 Stone Mining
57:09 Town Patrol
57:46 Leather Archer Armor
青青草原懒大王
6:27 Loom
16:40 Feudal Age
19:05 Gold Mining
20:31 Wheelbarrow
23:07 Castle Age
21:03 Double-Bit Axe
21:47 Fishing Lines
23:06 Stone Mining
24:05 Crossbowman
25:32 Squires
25:25 Fletching
25:36 Padded Archer Armor
25:47 Forging
25:38 Scale Mail Armor
27:44 Stone Shaft Mining
27:24 Bow Saw
28:57 Thumb Ring
28:49 Bodkin Arrow
29:09 Leather Archer Armor
32:24 Elite Skirmisher
36:37 Imperial Age
37:11 Capped Ram
38:06 Imperial Skirmisher
41:56 Ballistics
42:37 Chemistry
42:25 Arbalester
44:14 Bracer
44:45 Ring Archer Armor
49:04 Paper Money
49:20 Hoardings
56:25 Medium Warships
56:14 Elite Rattan Archer
56:45 Treadmill Crane
57:12 Siege Engineers
56:53 Arrowslits
57:04 Murder Holes
57:54 Spies/Treason
老k
4:18 Loom
14:52 Feudal Age
15:04 Champi Runner
15:29 Arson
15:36 Double-Bit Axe
15:31 Horse Collar
17:01 Town Watch
20:50 Castle Age
18:52 Scale Mail Armor
19:36 Forging
21:33 Wheelbarrow
21:21 Gold Mining
21:05 Champi Warrior
21:48 Squires
22:03 Chain Mail Armor
22:24 Iron Casting
24:23 Bow Saw
24:14 Heavy Plow
25:31 Iron Casting
42:04 Imperial Age
39:57 Hand Cart
40:20 Gold Shaft Mining
42:07 Elite Champi Warrior
43:48 Blast Furnace
43:18 Plate Mail Armor
46:16 Conscription
46:45 Fabric Shields
47:21 Crop Rotation
46:42 Stone Mining
46:59 Town Patrol
48:15 Stone Shaft Mining
48:50 Capped Ram
49:40 Spies/Treason
50:33 Siege Ram
51:31 Fletching
51:42 Padded Archer Armor
52:46 Medium Warships
53:45 Chemistry
53:05 Ballistics
52:56 Clinker Construction
53:36 Careening
54:23 Heavy Warships
54:59 Bodkin Arrow
55:19 Leather Archer Armor
55:28 Shipwright
55:29 Ballistics
55:20 Masonry
54:52 Treadmill Crane
57:05 Bracer
57:36 Ring Archer Armor
Connection lost

Rejoining the realm…

Still unreachable

The connection could not be restored.

Session expired

The server has moved on; the page needs a fresh start.